 Dungeon Sprint DCSS version 0.28-a0-932-g843f935a50 (webtiles) character file.

Game seed: 2500142442659421930

4 emperorscorpion the Magician (level 1, -1/15 HPs)
             Began as a Djinni Air Elementalist on Nov 27, 2021.
             Slain by a black bear (6 damage)
             ... in the Dungeon (Sprint IX: "|||||||||||||||||||||||||||||").
             The game lasted 00:01:07 (277 turns).

emperorscorpion the Magician (DjAE)                  Turns: 277, Time: 00:01:08

Health: -1/15      AC:  2    Str:  7    XL:     1   Next: 77%
Gold:   0          EV: 12    Int: 16    God:
                   SH:  0    Dex: 13

rFire   + + .      SeeInvis .   (no weapon)
rCold   x . .      Faith    .   (no shield)
rNeg    . . .      Spirit   .   a - +0 robe
rPois   ∞          Reflect  .   (no helmet)
rElec   .          Harm     .   (no cloak)
rCorr   .          Rampage  .   (no gloves)
Will    .....      NoTele   +   (boots unavailable)
Stlth   ++........              (no amulet)
HPRegen 0.05/turn               (no ring)
MPRegen 0.00/turn               (no ring)

@: flying
A: sickness immunity, fire resistance 2, cold vulnerability 1, float, innate
caster, hp casting, extra vitality 1
a: no special abilities


You were in the Dungeon.
You visited 1 branch

Inventory:

Hand Weapons
 g - a +4 antimagic short sword
Armour
 a - a +0 robe (worn)
Potions
 b - a potion of curing
 d - a potion of haste
 e - a potion of berserk rage


   Skills:
 + Level 2.5 Dodging
 + Level 1.7 Stealth
 + Level 3.3 Spellcasting


You couldn't memorise any spells.
You knew the following spells:

 Your Spells              Type           Power      Damage    Failure   Level
a - Shock                 Conj/Air       52%        1d6       4%          1
b - Static Discharge      Conj/Air       13%        N/A       7%          2
c - Swiftness             Air            13%        N/A       14%         3
d - Airstrike             Air            6%         N/A       41%         4
Your spell library was empty.

Dungeon Overview and Level Annotations

Branches:
Dungeon (1/1)

Altars:


Innate Abilities, Weirdness & Mutations

You are immune to sickness and miasma.
You are immune to poison.
Your flesh is very heat resistant. (rF++)
You are vulnerable to cold. (rC-)
You float through the air rather than walking.
You learn spells naturally, not from books.
Your magical power is your life essence.
You have superior vitality. (+4 HP)


Message History

The zap hits the adder zombie.
The adder zombie is almost destroyed.
The zap misses the phantom.
The black bear goes berserk!
Casting: Shock (safe; 4% risk of failure)
Confirm with . or Enter, or press ? or * to list all spells.
Aiming: Shock (safe; 4% risk of failure)
Press: ? - help, Shift-Dir - straight line, f/p - black bear
Aim: a black bear (almost dead, berserk, 77% to hit)
The zap hits the black bear.
The black bear is almost dead.
The zap hits the scorpion but does no damage.
The scorpion is almost dead.
The zap misses the adder zombie.
The zap hits the phantom.
The phantom is lightly damaged.
The zap hits the jelly.
The jelly is heavily wounded.
The black bear closely misses you. x2; The black bear claws you.
* * * LOW HITPOINT WARNING * * *
You feel much better. The black bear barely misses you.
The black bear claws you. The black bear closely misses you.
Casting: Shock (safe; 4% risk of failure)
Confirm with . or Enter, or press ? or * to list all spells.
You aren't experienced enough to cast this spell.
Casting: Shock (safe; 4% risk of failure)
Confirm with . or Enter, or press ? or * to list all spells.
Aiming: Shock (safe; 4% risk of failure)
Press: ? - help, Shift-Dir - straight line, f/p - black bear
Aim: a black bear (almost dead, berserk, 77% to hit)
The zap hits the black bear.
The black bear is almost dead.
The zap hits the scorpion but does no damage.
The scorpion is almost dead.
The zap misses the adder zombie.
The zap hits the phantom.
The phantom is lightly damaged.
The zap hits the jelly.
The jelly is severely wounded.
The black bear bites you. The black bear misses you.
The black bear closely misses you. The black bear bites you.
The black bear claws you. x2
You die... ▓▓▓▓▓▓▓▓▓▓▓▓▓▓▓▓▓▓ +JWZs.'..JWZsh@.<▓ ▓▓▓▓▓▓▓▓▓▓▓▓▓▓▓▓▓▓

You could see a phantom, a black bear (berserk), a scorpion, a jelly and an adder zombie.

Vanquished Creatures
  A giant cockroach (D)
  A hobgoblin (D)
  A bat (D)
  A frilled lizard (D)
  A kobold (D)
5 creatures vanquished.

Notes
Turn   | Place    | Note
-------+----------+-------------------------------------------
     0 | D        | emperorscorpion the Djinni Air Elementalist began the quest
                  | for the Orb.
     0 | D        | Reached XP level 1. HP: 15/15 MP: 0/0
     6 | D        | Reached skill level 3 in Spellcasting
   265 | D        | Noticed a jelly
   265 | D        | Noticed a phantom
   265 | D        | Noticed a scorpion
   265 | D        | Noticed a black bear
   277 | D        | Slain by a black bear

Illustrated notes

Levels and vault maps discovered:
D:        linesprint [early_d, line_temple, items_1, d_10, items_2, lair_1,
          lair_end, items_3, orc_1, orc_end, items_4, d_15, swamp_1, shoals_1,
          snake_1, spider_1, d_20, vaults_1, items_5, swamp_end, shoals_end,
          snake_end, spider_end, vaults_end, d_27, items_6, zot_1, zot_end,
          crypt_end, forest_end, elf_end, slime_end, tomb_end, abyss_end,
          pan_hell_end]

Skill      XL: |  1 |
---------------+----+-----
Spellcasting   | 3 |  3.3
Dodging        | |  2.5
Stealth        | |  1.7

Action                   || total
-------------------------++-------
 Cast: Shock             ||    14
  Use: Scroll            ||     1
       Potion            ||     1
Dodge: Dodged            ||     9

Table legend: (Time is in decaauts)
 A = Elapsed time spent in this place.
 B = Non-inter-level travel time spent in this place.
 C = Inter-level travel time spent in this place.
 D = Time resting spent in this place.
 E = Time spent auto-exploring this place.
 F = Levels seen in this place.
 G = Mean time per level.
                   A        B        C        D        E       F      G
               +--------+--------+--------+--------+--------+-----+--------+
         Total |    277 |    277 |      0 |    237 |      0 |   1 |  277.0 |
       Dungeon |    277 |    277 |      0 |    237 |      0 |   1 |  277.0 |
               +--------+--------+--------+--------+--------+-----+--------+

Top non-repeatable levels by time:
       D: 277 daAuts
